 Dungeon Crawl Stone Soup version 0.27-a0-1200-g94dc6ad4cf (webtiles) character file.

Game seed: 702841412573389339

68 bilbop the Skirmisher (level 4, 0/40 HPs)
             Began as a Minotaur Fighter on May 31, 2021.
             Killed from afar by Sigmund (5 damage)
             ... with a magic dart
             ... on level 3 of the Dungeon.
             The game lasted 00:07:47 (1925 turns).

bilbop the Skirmisher (Minotaur Fighter)            Turns: 1925, Time: 00:07:47

Health: 0/40       AC:  9    Str: 21    XL:     4   Next: 1%
Magic:  3/3        EV:  5    Int:  6    God:
Gold:   24         SH:  9    Dex:  9    Spells: 4/4 levels left

rFire    . . .     SeeInvis .   a - +0 flail
rCold    . . .     Faith    .   c - +0 kite shield
rNeg     . . .     Spirit   .   i - +0 chain mail
rPois    .         Reflect  .   (helmet restricted)
rElec    .         Harm     .   (no cloak)
rCorr    .         Rampage  .   (no gloves)
Will     .....                  (no boots)
Stlth    ..........             h - amulet of magic regeneration
HPRegen  0.13/turn              (no ring)
MPRegen  0.33/turn              (no ring)

@: no status effects
A: horns 2, retaliatory headbutt
a: no special abilities


You were on level 3 of the Dungeon.
You visited 1 branch of the dungeon, and saw 3 of its levels.

You collected 24 gold pieces.

Inventory:

Hand Weapons
 a - a +0 flail (weapon)
Armour
 b - a +0 scale mail
 c - a +0 kite shield (worn)
 i - a +0 chain mail (worn)
Jewellery
 h - an amulet of magic regeneration (around neck)
Scrolls
 e - a scroll of teleportation {unknown}
 f - a scroll of amnesia {unknown}
 g - a scroll of identify {unknown}
Potions
 d - a potion of might
 j - 2 potions of curing {unknown}
 k - a potion of lignification {unknown}


   Skills:
 + Level 4.1 Fighting
 * Level 3.7 Maces & Flails
 + Level 4.0 Armour
 + Level 4.0 Shields
 + Level 0.6 Spellcasting


You had 4 spell levels left.
You didn't know any spells.
Your spell library contained the following spells:

 Spells                   Type           Power      Damage    Failure   Level
 Summon Small Mammal      Summ           0%         N/A       100%        1
 Call Imp                 Summ           0%         N/A       100%        2
 Call Canine Familiar     Summ           0%         N/A       100%        3
 Summon Guardian Golem    Hex/Summ       0%         N/A       100%        3
 Summon Ice Beast         Ice/Summ       0%         N/A       100%        4
 Summon Lightning Spire   Summ/Air       0%         N/A       100%        4


Dungeon Overview and Level Annotations

Branches:
Dungeon (3/15)

Altars:
Nemelex Xobeh
Qazlal

Shops:
D:1 =   D:3 [

Annotations:
D:3 Sigmund


Innate Abilities, Weirdness & Mutations

You have a pair of horns on your head.
You reflexively headbutt those who attack you in melee.


Message History

You closely miss Sigmund. You block Sigmund's attack.
You closely miss Sigmund.
Sigmund points at you and mumbles some strange words.
You resist with some effort. Sigmund hits you with a +0 scythe!
You sock Sigmund!
Sigmund is moderately wounded.
Sigmund casts a spell at you. You resist with some effort.
You closely miss Sigmund.
Sigmund is moderately wounded.
You block Sigmund's attack. Sigmund hits you with a +0 scythe.
You completely miss Sigmund.
Sigmund is moderately wounded.
Sigmund points at you and mumbles some strange words.
The puff of flame hits you.
You hit Sigmund but do no damage.
Sigmund is moderately wounded.
Sigmund casts a spell at you.
You are confused.
Sigmund hits you with a +0 scythe. Sigmund hits you but does no damage.
Sigmund hits you from afar with a +0 scythe!
You bump into the stone wall.
Sigmund hits you from afar with a +0 scythe!
* * * LOW HITPOINT WARNING * * *
You're too confused to move!
Sigmund hits you from afar with a +0 scythe.
* * * LOW HITPOINT WARNING * * *
You bump into the stone wall.
Sigmund gestures at himself while chanting.
Sigmund flickers and vanishes!
Deactivating autopickup; reactivate with Ctrl-A.
You bump into the stone wall.
Something hits you.
* * * LOW HITPOINT WARNING * * *
You bump into the rock wall.
You feel less confused. Something hits you but does no damage.
A magic dart appears from out of thin air!
The magic dart hits you.
You die...

..... ... ... ... #.#
#.# # #.#
#..########'########.#
##
#...........{..@.....#
###.
#..........#####.#..##
#.+. ##########.# ...
# #.#. #.####.####
#.#< #.......# #.#.
#.#####.##### #.#.
#.#.........# #.##
#.#.###.###.# #...
#.#.###...#.# #####..#


There were no monsters in sight!

Vanquished Creatures
  An adder (D:2)
  2 dart slugs (D:1)
  5 ball pythons
  3 endoplasms
  A giant cockroach (D:3)
  2 goblins
  5 hobgoblins
  11 jackals
  4 kobolds
  4 quokkas
  2 bats
  2 frilled lizards
  7 rats
49 creatures vanquished.

Notes
Turn   | Place    | Note
-------+----------+-------------------------------------------
     0 | D:1      | bilbop the Minotaur Fighter began the quest for the Orb.
     0 | D:1      | Reached XP level 1. HP: 19/19 MP: 0/0
    41 | D:1      | Reached XP level 2. HP: 3/27 MP: 1/1
   789 | D:1      | Found Nuxziun's Jewellery Shoppe.
   948 | D:2      | Reached XP level 3. HP: 30/33 MP: 2/2
  1722 | D:3      | Found a sparkling altar of Nemelex Xobeh.
  1746 | D:3      | Found Akhlu's Armour Boutique.
  1807 | D:3      | Found a stormy altar of Qazlal.
  1838 | D:3      | Reached XP level 4. HP: 36/40 MP: 3/3
  1901 | D:3      | Noticed Sigmund
  1925 | D:3      | Killed from afar by Sigmund

Illustrated notes

Levels and vault maps discovered:
D:1:      mrwooster_arrival_arrow, layout_loops_cross, serial_shops, shop,
          minmay_misc_feat_pillars
D:2:      layout_basic, dk_vineyard_2
D:3:      minmay_razor_zed, layout_basic, nicolae_overflow_crystal_walls,
          lemuel_crystal_altar, serial_shops, shop, minmay_pentangle,
          uniq_sigmund, uniq_robin

Skill      XL: |  1  2  3 |
---------------+----------+-----
Maces & Flails | 3 |  3.7
Fighting       | 4 |  4.1
Armour         | 4 |  4.0
Shields        | 4 |  4.0
Spellcasting   | |  0.6

Action                   |  1- 3 |  4- 6 || total
-------------------------+-------+-------++-------
Melee: Flail             |   111 |     8 ||   119
       Headbutt          |    17 |       ||    17
Armor: Scale mail        |    38 |       ||    38
       Chain mail        |    39 |     2 ||    41
Dodge: Dodged            |    38 |     1 ||    39
Block: Kite shield       |    68 |     2 ||    70

Table legend: (Time is in decaauts)
 A = Elapsed time spent in this place.
 B = Non-inter-level travel time spent in this place.
 C = Inter-level travel time spent in this place.
 D = Time resting spent in this place.
 E = Time spent auto-exploring this place.
 F = Levels seen in this place.
 G = Mean time per level.
                   A        B        C        D        E       F      G
               +--------+--------+--------+--------+--------+-----+--------+
         Total |   1979 |   1914 |     65 |    419 |   1177 |   3 |  659.7 |
       Dungeon |   1979 |   1914 |     65 |    419 |   1177 |   3 |  659.7 |
               +--------+--------+--------+--------+--------+-----+--------+

Top non-repeatable levels by time:
     D:1: 936 daAuts
     D:2: 812 daAuts
     D:3: 230 daAuts
